Map: 艾迪昂废墟

Players

Gentleprobe (Cyan) - Winner!

  • Race: Protoss Protoss
  • League: Master

Punk

  • Race: Zerg Zerg
  • League: Master

VOD

Have the link to the VOD?

Description

Time

  • Played on: April 2, 2016, 12:53 a.m.
  • Length: 6:03
Show
View Real Time Build Order
Export as new Build Order

Gentleprobe Protoss - Winner!

Build Orders:  

Get SALT Encoding   

  12  0:01  Probe (Chrono Boost)  
  13  0:11  Probe (Chrono Boost)  
  14  0:18  Pylon  
  14  0:22  Probe (Chrono Boost)  
  15  0:36  Probe (Chrono Boost)  
  15  0:38  Gateway  
  16  0:46  Assimilator  
  16  0:47  Probe (Chrono Boost)  
  17  0:57  Probe (Chrono Boost)  
  18  1:08  Probe (Chrono Boost)  
  19  1:15  Pylon  
  20  1:18  Probe (Chrono Boost)  
  20  1:25  Zealot (Chrono Boost)  
  22  1:26  Cybernetics Core  
  22  1:29  Probe  
  23  1:41  Probe (Chrono Boost)  
  24  1:55  Nexus  
  24  2:06  Mothership Core (Chrono Boost)  
  24  2:07  Warp Gate  
  26  2:11  Assimilator  
  26  2:16  Pylon  
  26  2:24  Probe (Chrono Boost)  
  26  2:29  Stalker  
  29  2:35  Probe (Chrono Boost)  
  30  2:45  Probe (Chrono Boost)  
  30  2:50  Robotics Facility  
  31  2:56  Pylon, Probe (Chrono Boost)  
  32  3:07  Probe (Chrono Boost)  
  32  3:08  Probe (Chrono Boost)  
  32  3:11  Sentry  
  36  3:17  Probe (Chrono Boost)  
  37  3:20  Gateway  
  37  3:25  Gateway  
  37  3:28  Probe (Chrono Boost)  
  37  3:31  Probe (Chrono Boost)  
  37  3:37  Probe (Chrono Boost)  
  37  3:38  Observer (Chrono Boost)  
  37  3:41  Sentry  
  41  3:42  Probe  
  41  3:47  Probe  
  42  3:49  Pylon  
  42  3:54  Probe  
  44  3:58  Probe  
  44  4:01  Warp Prism (Chrono Boost)  
  47  4:06  Probe  
  47  4:08  Probe  
  48  4:11  Twilight Council  
  49  4:18  Probe  
  49  4:20  Gateway  
  49  4:22  Gateway, Probe  
  51  4:30  Immortal (Chrono Boost)  
  51  4:36  Adept  
  57  4:38  Zealot  
  57  4:42  Zealot  
  61  4:48  Pylon  
  61  4:56  Pylon  
  61  4:58  Zealot  
  63  5:03  Pylon  
  63  5:08  Immortal  
  63  5:09  Pylon  
  67  5:15  Adept  
  69  5:21  Stalker  
  69  5:22  Zealot  
  69  5:27  Zealot  
  75  5:28  Zealot  
  75  5:38  Sentry  
  74  5:48  Zealot  
  74  5:49  Zealot x3  
Show
View Real Time Build Order
Export as new Build Order

Punk Zerg 

Build Orders: 3 Hatch before Pool 

Get SALT Encoding   

  12  0:01  Drone  
  13  0:13  Overlord  
  13  0:18  Drone  
  14  0:32  Drone x2  
  16  0:37  Drone  
  17  0:55  Hatchery  
  16  0:57  Drone  
  16  1:00  Drone  
  18  1:09  Drone  
  19  1:25  Drone  
  20  1:30  Hatchery  
  20  1:31  Drone, Extractor  
  19  1:42  Spawning Pool  
  19  1:46  Drone  
  19  1:50  Drone  
  20  2:10  Drone x2  
  22  2:21  Drone  
  23  2:26  Drone x2  
  23  2:29  Queen  
  27  2:31  Extractor, Queen  
  27  2:33  Overlord  
  29  2:39  Metabolic Boost  
  29  2:45  Zergling x4  
  29  2:46  Zergling x2  
  32  2:52  Drone x2  
  32  2:57  Roach Warren  
  33  3:02  Zergling x4  
  33  3:04  Drone  
  36  3:11  Overlord  
  36  3:15  Queen  
  38  3:29  Overlord x2  
  38  3:33  Overlord  
  38  3:47  Roach x5  
  48  3:49  Roach  
  48  3:54  Roach  
  52  3:58  Zergling x2  
  52  3:59  Zergling x4  
  55  4:03  Roach  
  55  4:04  Zergling x2  
  55  4:07  Zergling x2  
  55  4:09  Zergling x2  
  60  4:11  Zergling x2  
  60  4:15  Zergling x4  
  63  4:17  Zergling x2  
  63  4:23  Zergling x4  
  63  4:24  Zergling x2  
  67  4:27  Zergling x2  
  67  4:29  Zergling x2  
  67  4:30  Zergling x2  
  70  4:33  Zergling x2  
  70  4:35  Zergling x2  
  70  4:37  Zergling x2  
  73  4:39  Zergling x2  
  73  4:43  Overlord  
  74  4:47  Overlord  
  74  5:06  Zergling x16  
  78  5:17  Zergling x2  
  78  5:18  Zergling x8  
  74  5:22  Ravager  
  74  5:23  Ravager  
  72  5:30  Ravager  
  68  5:38  Zergling x16  
Tags
 
Add a new tag
Caveats
  • Supply blocks, unpowered buildings, or Contaminate may cause inaccurate times.
  • Supply counts are checked every 10 seconds.